Map: 瑟拉斯废墟

Players

Justus

  • Race: Protoss Protoss
  • League: Platinum

Quail - Winner!

  • Race: Protoss Protoss
  • League: Diamond

VOD

Have the link to the VOD?

Description

Time

  • Played on: Dec. 7, 2015, 7:18 a.m.
  • Length: 9:41
Show
View Real Time Build Order
Export as new Build Order

Justus Protoss 

Build Orders: Zealot Archon, Dark Templar Rush 

Get SALT Encoding   

  12  0:02  Probe (Chrono Boost)  
  13  0:12  Probe (Chrono Boost)  
  14  0:18  Pylon  
  14  0:23  Probe (Chrono Boost)  
  15  0:36  Probe (Chrono Boost)  
  15  0:38  Gateway  
  16  0:47  Probe (Chrono Boost)  
  17  0:54  Assimilator  
  17  0:56  Assimilator  
  17  0:57  Probe (Chrono Boost)  
  18  1:08  Probe (Chrono Boost)  
  19  1:18  Probe (Chrono Boost)  
  19  1:24  Pylon  
  20  1:29  Probe (Chrono Boost)  
  20  1:30  Cybernetics Core  
  22  1:40  Probe (Chrono Boost)  
  22  1:50  Probe (Chrono Boost)  
  23  2:01  Probe (Chrono Boost)  
  24  2:07  Stalker, Warp Gate (Chrono Boost)  
  26  2:11  Probe  
  27  2:23  Probe  
  28  2:32  Nexus  
  29  2:40  Mothership Core  
  30  2:51  Twilight Council  
  30  3:01  Probe  
  31  3:13  Pylon  
  31  3:25  Assimilator  
  31  3:29  Assimilator  
  31  3:31  Probe  
  31  3:32  Pylon  
  32  3:36  Pylon  
  32  3:47  Dark Shrine  
  32  3:50  Probe  
  32  3:51  Probe  
  34  4:00  Probe  
  35  4:03  Probe  
  35  4:09  Gateway  
  36  4:11  Gateway, Probe  
  36  4:15  Probe  
  38  4:25  Robotics Facility  
  38  4:29  Gateway  
  38  4:30  Probe  
  38  4:31  Probe  
  40  4:41  Probe (Chrono Boost)  
  40  4:43  Probe (Chrono Boost)  
  42  4:53  Probe (Chrono Boost)  
  42  4:55  Probe (Chrono Boost)  
  44  5:01  Dark Templar  
  46  5:07  Dark Templar  
  46  5:08  Dark Templar  
  50  5:32  Probe x2 (Chrono Boost)  
  48  5:40  Dark Templar x2  
  52  5:50  Probe x2 (Chrono Boost)  
  52  5:53  Blink (Chrono Boost)  
  52  5:57  Robotics Bay  
  54  6:01  Probe (Chrono Boost)  
  53  6:13  Probe x2 (Chrono Boost)  
  53  6:15  Stalker x3  
  53  6:18  Immortal (Chrono Boost)  
  65  6:22  Probe  
  65  6:24  Probe  
  63  6:32  Stalker  
  63  6:33  Probe  
  63  6:36  Probe  
  63  6:39  Dark Templar  
  69  6:43  Probe  
  70  6:51  Pylon  
  70  6:58  Pylon  
  70  6:59  Pylon  
  70  7:03  Pylon  
  70  7:12  Disruptor (Chrono Boost)  
  70  7:13  Stalker x2  
  77  7:16  Stalker x2  
  77  7:22  Probe  
  81  7:23  Probe  
  83  7:42  Gateway  
  83  7:45  Forge  
  83  7:46  Forge  
  83  7:47  Gateway  
  83  7:48  Gateway  
  83  7:49  Dark Templar x3  
  83  7:50  Dark Templar  
  89  7:51  Gateway  
  89  7:52  Charge  
  89  7:53  Archon  
  89  7:54  Archon  
  89  8:01  Disruptor (Chrono Boost)  
  92  8:26  Dark Templar x2  
  92  9:07  Stalker  
  63  9:27  Stalker x2  
  63  9:28  Stalker x5  
Show
View Real Time Build Order
Export as new Build Order

Quail Protoss - Winner!

Build Orders: Nexus First 

Get SALT Encoding   

  12  0:01  Probe (Chrono Boost)  
  13  0:11  Probe (Chrono Boost)  
  14  0:20  Pylon  
  14  0:26  Pylon  
  14  0:29  Probe (Chrono Boost)  
  15  0:44  Probe (Chrono Boost)  
  16  0:55  Probe (Chrono Boost)  
  17  1:04  Nexus  
  17  1:14  Assimilator  
  17  1:19  Assimilator  
  17  1:20  Probe (Chrono Boost)  
  18  1:30  Probe (Chrono Boost)  
  19  1:33  Gateway  
  19  1:41  Probe (Chrono Boost)  
  20  1:52  Probe (Chrono Boost)  
  21  1:54  Gateway  
  21  1:59  Pylon  
  21  2:03  Probe (Chrono Boost)  
  22  2:20  Cybernetics Core  
  22  2:21  Probe (Chrono Boost)  
  22  2:22  Probe (Chrono Boost)  
  24  2:32  Probe (Chrono Boost)  
  24  2:33  Probe (Chrono Boost)  
  26  2:42  Probe (Chrono Boost)  
  26  2:44  Probe (Chrono Boost)  
  27  2:54  Pylon  
  27  2:58  Robotics Facility  
  27  3:02  Stalker  
  29  3:08  Mothership Core (Chrono Boost)  
  31  3:14  Stalker  
  31  3:18  Warp Gate  
  33  3:20  Probe (Chrono Boost)  
  34  3:27  Probe (Chrono Boost)  
  34  3:33  Probe (Chrono Boost)  
  36  3:36  Stalker  
  36  3:38  Probe (Chrono Boost)  
  39  3:42  Pylon  
  39  3:43  Probe (Chrono Boost)  
  39  3:46  Observer (Chrono Boost)  
  41  3:49  Stalker  
  43  3:59  Pylon  
  43  4:01  Probe  
  43  4:03  Probe  
  43  4:07  Pylon  
  45  4:11  Observer (Chrono Boost)  
  45  4:12  Probe  
  45  4:15  Probe  
  48  4:20  Assimilator  
  48  4:22  Probe  
  49  4:25  Assimilator  
  49  4:27  Probe  
  51  4:33  Immortal (Chrono Boost)  
  51  4:34  Probe  
  55  4:39  Probe  
  55  4:41  Twilight Council  
  55  4:45  Probe  
  56  4:51  Probe  
  60  4:53  Sentry  
  60  4:55  Stalker, Probe  
  63  5:03  Probe  
  63  5:06  Probe  
  64  5:09  Gateway  
  65  5:15  Immortal (Chrono Boost)  
  68  5:21  Blink (Chrono Boost)  
  61  5:37  Probe  
  61  5:39  Probe  
  63  5:44  Stalker  
  63  5:48  Probe  
  66  5:51  Probe  
  67  5:58  Probe  
  67  6:02  Immortal (Chrono Boost)  
  67  6:03  Probe  
  72  6:09  Probe  
  70  6:15  Probe  
  69  6:19  Probe  
  70  6:27  Probe  
  70  6:30  Probe  
  70  6:32  Forge  
  72  6:35  Observer (Chrono Boost)  
  72  6:39  Probe  
  74  6:40  Probe  
  75  6:52  Probe, Gateway  
  76  6:54  Robotics Bay  
  76  6:56  Gateway  
  76  6:57  Pylon  
  76  7:07  Pylon  
  80  7:16  Immortal (Chrono Boost)  
  80  7:17  Pylon  
  80  7:27  Photon Cannon  
  80  7:33  Stalker x3  
  86  7:53  Disruptor (Chrono Boost)  
  86  7:57  Photon Cannon  
  89  8:01  Stalker x2  
  93  8:08  Pylon  
  93  8:24  Warp Prism (Chrono Boost)  
  95  8:27  Nexus, Zealot  
  95  8:33  Stalker  
  99  8:49  Stalker  
  99  8:50  Stalker  
  99  8:55  Disruptor (Chrono Boost)  
  106  9:02  Zealot x2  
  110  9:22  Adept x4  
  104  9:34  Stalker  
Tags
 
Add a new tag
Caveats
  • Supply blocks, unpowered buildings, or Contaminate may cause inaccurate times.
  • Supply counts are checked every 10 seconds.